 Dungeon Crawl Stone Soup version 0.20-a0-993-gba41c3c (webtiles) character file.

1942 Leszczynek the Grappler (level 9, -2/138 HPs)
             Began as an Ogre Summoner on Apr 11, 2017.
             Was a Priest of Okawaru.
             Slain by an ogre
             ... wielding a cursed +0 giant spiked club
              (20 damage)
             ... on level 8 of the Dungeon.
             The game lasted 00:28:08 (5280 turns).

Leszczynek the Grappler (Ogre Summoner)             Turns: 5280, Time: 00:28:08

Health: -2/138     AC:  3    Str: 20    XL:     9   Next: 18%
Magic:  7/12       EV: 14    Int: 16    God:    Okawaru [***...]
Gold:   187        SH:  0    Dex: 11    Spells: 4/12 levels left

rFire    . . .     SeeInvis .     - Unarmed
rCold    . . .     Gourm    .   (no shield)
rNeg     . . .     Faith    .   l - +0 robe
rPois    .         Spirit   .   (helmet restricted)
rElec    .         Reflect  .   (no cloak)
rCorr    .         Harm     .   (gloves unavailable)
MR       .....                  (boots unavailable)
Stlth    ..........             x - amulet of rage
Regen    0.4/turn               (no ring)
MPRegen  0.2/turn               (no ring)

@: berserking (expiring), heroism, very slightly contaminated, very quick
A: unfitting armour, tough skin 1
a: Heroism, Renounce Religion, Evoke Berserk Rage


You were on level 8 of the Dungeon.
You worshipped Okawaru.
Okawaru was most pleased with you.
You were very hungry.

You visited 1 branch of the dungeon, and saw 9 of its levels.
You also visited: Sewer.

You collected 187 gold pieces.

Inventory:

Hand Weapons
 s - a +0 blowgun
Missiles
 a - 4 tomahawks
 e - 2 throwing nets (quivered)
 i - 24 sling bullets
 j - 3 large rocks
Armour
 l - a +0 robe (worn)
Jewellery
 x - an amulet of rage (around neck)
Wands
 C - a wand of lightning (7/15)
 E - a wand of iceblast (5/15)
Scrolls
 f - a scroll of identify {@r1}
 m - a scroll of blinking
 r - a scroll of fear
 y - 3 scrolls of teleportation
 D - 4 scrolls of remove curse {@r2}
Potions
 c - 2 potions of haste {unknown}
 g - a potion of invisibility {unknown}
 k - 2 potions of mutation {unknown}
 o - 2 potions of heal wounds {@q2}
 p - 3 potions of brilliance
 q - 2 potions of agility {unknown}
 u - 5 potions of curing {@q1}
 v - a potion of lignification {unknown}
 w - a potion of flight {unknown}
 z - a potion of cancellation {unknown}
 F - a potion of degeneration {unknown}
Books
 b - a book of Callings

   Spells                             Type                      Level
   a - Summon Small Mammal            Summoning                    1
   b - Call Imp                       Summoning                    2
   c - Call Canine Familiar           Summoning                    3
   d - Summon Guardian Golem          Hexes/Summoning              3
   e - Summon Lightning Spire         Summoning/Air                4
   f - Summon Ice Beast               Ice/Summoning                4
 A - a book of Geomancy

   Spells                             Type                      Level
   a - Sandblast                      Earth                        1
   b - Passwall                       Transmutation/Earth          2
   c - Stone Arrow                    Conjuration/Earth            3
   d - Petrify                        Transmutation/Earth          4
   e - Lee's Rapid Deconstruction     Earth                        5
Comestibles
 d - 9 bread rations
 h - 4 royal jellies
 n - 8 chunks of flesh
 t - 4 fruits
 B - 5 meat rations


   Skills:
 + Level 6.7(11.7) Fighting
 - Level 5.0(10.0) Dodging
 - Level 1.4(6.4) Stealth
 * Level 8.2(13.2) Unarmed Combat
 - Level 2.4 Spellcasting
 - Level 3.6 Summonings


You had 4 spell levels left.
You knew the following spells:

 Your Spells              Type           Power        Failure   Level  Hunger
a - Summon Small Mammal   Summ           ##..         6%          1    #......
b - Call Imp              Summ           ##......     10%         2    ###....
c - Call Canine Familiar  Summ           ##......     14%         3    ###....
d - Passwall              Tmut/Erth      #.........   30%         2    ###....


Dungeon Overview and Level Annotations

Branches:
Dungeon (9/15)             Temple (0/1) D:5
   Lair: D:8-11         Orc: D:9-12

Altars:
Cheibriados
Fedhas
Hepliaklqana
Nemelex Xobeh
Okawaru
Ru
Vehumet
The Shining One

Annotations:
D:8 Maurice, Prince Ribbit


Innate Abilities, Weirdness & Mutations

You are too large for most types of armour.
You have tough skin. (AC +1)


Message History

Your hound barely misses the wyvern.
You fail to use your ability.
The wyvern barely misses you.
Your hound bites the wyvern but does no damage.
The wyvern bites you!
Your hound barely misses the wyvern.
A red film seems to cover your vision as you go berserk!
You feel yourself moving faster!
You feel mighty!
You are feeling very hungry.
The wyvern bites you!
Your hound closely misses the wyvern.
The ogre hits you with a giant spiked club!!
Unknown command.
You feel a strong urge to attack something.
The wyvern barely misses your hound.
Your crimson imp blinks!
Your hound bites the wyvern.
Unknown command.
The wyvern bites you!!
* * * LOW HITPOINT WARNING * * *
Your hound bites the wyvern but does no damage.
The ogre hits you with a giant spiked club!!
You die...

#.#..####### #
#####.#......... .
#..........#### .
#......#...5...###
.
#.......#..........
#
#......##........##
#.#...###........#
# ##.# #..h....##
#. #.ยง@l...# #.
#...O...#
#..........
#.##.###### .. .#
##. ## #.


You could see a wyvern, an ogre, a friendly hound and a friendly crimson imp.

Vanquished Creatures
  An orc warrior (D:7)
  An ice beast (D:7)
  A phantom (D:8)
  2 ogres
  2 bullfrogs
  A crimson imp (D:7)
  A bullfrog zombie (D:8)
  A quasit (D:5)
  A centaur zombie (D:7)
  2 hounds
  3 orc priests
  An orc wizard (D:7)
  2 worker ants
  A killer bee zombie (D:7)
  A hound zombie (D:7)
  3 gnolls (D:7)
  4 adders
  A river rat (D:3)
  A shadow imp (D:6)
  An adder skeleton (D:7)
  3 worms
  3 leopard geckos
  12 orcs
  5 ball pythons
  2 bats
  3 giant cockroaches
  6 goblins
  2 hobgoblins
  7 jackals
  3 quokkas
  4 frilled lizards
  A goblin skeleton (D:4)
  A goblin zombie (D:4)
  3 hobgoblin zombies (D:4)
  A jackal zombie (D:5)
  5 kobolds
  A kobold skeleton (D:4)
  2 orc skeletons (D:4)
  2 quokka skeletons
  21 rats
118 creatures vanquished.

Vanquished Creatures (collateral kills)
  A water moccasin (D:7)
  2 orc warriors (D:6)
  3 ogres
  3 centaurs
  3 scorpions
  2 crimson imps
  2 hounds (D:4)
  An orc wizard (D:7)
  An iguana (D:5)
  2 gnolls
  5 adders
  3 river rats
  3 orcs
  2 ball pythons (Sewer)
  3 bats
  2 giant cockroaches
  A goblin (D:1)
  5 hobgoblins
  2 jackals
  19 kobolds
  A quokka (D:2)
  2 frilled lizards
  A goblin skeleton (D:4)
  2 goblin zombies (D:4)
  2 kobold skeletons (D:4)
  An orc skeleton (D:4)
  A quokka skeleton (D:7)
  13 rats
88 creatures vanquished.

Grand Total: 206 creatures vanquished

Notes
Turn   | Place    | Note
-------+----------+-------------------------------------------
     0 | D:1      | Leszczynek the Ogre Summoner began the quest for the Orb.
     0 | D:1      | Reached XP level 1. HP: 16/16 MP: 3/3
   174 | D:1      | Reached skill level 1 in Unarmed Combat
   219 | D:1      | Reached XP level 2. HP: 16/24 MP: 5/5
   228 | D:1      | Learned a level 2 spell: Call Imp
   322 | D:1      | Reached skill level 2 in Unarmed Combat
   515 | D:2      | Reached XP level 3. HP: 30/31 MP: 3/6
   626 | D:2      | Found an iron altar of Okawaru.
   643 | D:2      | Became a worshipper of Warmaster Okawaru
   828 | D:2      | Learned a level 3 spell: Call Canine Familiar
   934 | D:3      | Reached skill level 3 in Unarmed Combat
   958 | D:3      | Found a sparkling altar of Nemelex Xobeh.
  1064 | D:2      | Reached XP level 4. HP: 39/39 MP: 7/7
  1141 | D:3      | Found a glowing drain.
  1234 | Sewer    | Entered a sewer
  1656 | Sewer    | Reached skill level 4 in Unarmed Combat
  1667 | Sewer    | Reached XP level 5. HP: 37/45 MP: 6/8
  2060 | D:4      | Reached * piety under Okawaru
  2142 | D:4      | Found a glowing golden altar of the Shining One.
  2142 | D:4      | Found a radiant altar of Vehumet.
  2142 | D:4      | Found a hazy altar of Hepliaklqana.
  2142 | D:4      | Found a snail-covered altar of Cheibriados.
  2147 | D:4      | Noticed an ogre
  2168 | D:4      | Reached skill level 5 in Unarmed Combat
  2177 | D:4      | Killed an ogre
  2177 | D:4      | Reached XP level 6. HP: 22/53 MP: 6/9
  2408 | D:4      | HP: 3/53 [centaur (8)]
  2414 | D:4      | Reached ** piety under Okawaru
  2575 | D:4      | Reached skill level 6 in Unarmed Combat
  2698 | D:4      | Found a glowing golden altar of the Shining One.
  2789 | D:4      | Reached XP level 7. HP: 19/59 MP: 1/10
  2932 | D:5      | Entered Level 5 of the Dungeon
  3008 | D:5      | Learned a level 2 spell: Passwall
  3023 | D:5      | Found a staircase to the Ecumenical Temple.
  3043 | D:5      | Reached skill level 7 in Unarmed Combat
  3287 | D:6      | Found a sacrificial altar of Ru.
  3381 | D:5      | Reached skill level 2 in Dodging
  3515 | D:6      | Reached skill level 1 in Fighting
  3691 | D:6      | HP: 2/63 [orc warrior/trident (23)]
  3692 | D:6      | Reached skill level 2 in Fighting
  3692 | D:6      | Reached XP level 8. HP: 36/72 MP: 4/11
  3887 | D:7      | Found a blossoming altar of Fedhas.
  3965 | D:7      | Reached *** piety under Okawaru
  3965 | D:7      | Reached skill level 3 in Fighting
  3965 | D:7      | Reached skill level 3 in Dodging
  3965 | D:7      | Reached skill level 8 in Unarmed Combat
  4275 | D:7      | Reached skill level 4 in Fighting
  4392 | D:7      | Reached skill level 4 in Dodging
  4484 | D:7      | Reached skill level 5 in Fighting
  4790 | D:8      | Reached skill level 6 in Fighting
  4790 | D:8      | Reached XP level 9. HP: 65/89 MP: 8/12
  4888 | D:8      | Reached skill level 5 in Dodging
  4946 | D:8      | Noticed Prince Ribbit
  5130 | D:8      | Noticed Maurice
  5280 | D:8      | Slain by an ogre

Vault maps used:
D:1:      lightli_arrival_isolated_outpost, minmay_misc_feat_four_crosses
D:2:      okawaru_ov_weapons_minmay, kennysheep_boxes
D:3:      nicolae_overflow_crystal_walls, portal_sewer_entry_a, first_bread
D:4:      chequers_temple_overflow_statue_of_worship,
          nicolae_tso_besieged_by_evil
D:5:      minmay_temple_entry_water_ring
D:6:      old_standard_altar, tgw_sif
D:7:      overflow_temple_1_default, grunt_ogre_cave
D:8:      kennysheep_little_box, uniq_prince_ribbit1, uniq_maurice
D:9:      serial_shops, nicolae_shop_window_shopping, dk_noncrumbling_4
Sewer:    sewer_minmay_treatment

Skill      XL: |  1  2  3  4  5  6  7  8  9 |
---------------+----------------------------+-----
Unarmed Combat | 1 2 3 4 5 6 7 8 |  8.2
Dodging        | 2 4 5 |  5.0
Fighting       | 2 6 |  6.7
Stealth        | |  1.4
Spellcasting   | |  2.4
Summonings     | |  3.6

Action                   |  1- 3 |  4- 6 |  7- 9 || total
-------------------------+-------+-------+-------++-------
Melee: Unarmed           |    15 |       |   241 ||   256
       Short sword       |    57 |       |       ||    57
       Mace              |    36 |    77 |       ||   113
       Punch             |       |     4 |     7 ||    11
       Rapier            |       |    63 |     7 ||    70
 Cast: Summon Small Mamm |     8 |     1 |       ||     9
       Call Imp          |    14 |    21 |    19 ||    54
       Call Canine Famil |     2 |    20 |    28 ||    50
Invok: Heroism           |       |     2 |     9 ||    11
 Abil: Evoke Berserk Rag |       |       |     2 ||     2
Evoke: Wand              |       |       |     1 ||     1
  Use: Scroll            |     2 |     4 |     4 ||    10
       Potion            |       |     1 |     4 ||     5
 Stab: Sleeping          |     2 |       |     1 ||     3
       Distracted        |     1 |     3 |     5 ||     9
  Eat: Chunk             |     2 |     9 |    15 ||    26
       Royal jelly       |       |     1 |     1 ||     2
Armor: Robe              |    35 |    39 |    47 ||   121
Dodge: Dodged            |    68 |   108 |   150 ||   326
